 Dungeon Crawl Stone Soup version 0.27.0-1-g7a089689b8 (webtiles) character file.

Game seed: 7506189107116470914

2699 Spaninq the Grappler (level 9, -5/93 HPs)
             Began as a Troll Air Elementalist on Aug 8, 2021.
             Was a Priest of Qazlal.
             Slain by a swamp worm (21 damage)
             ... on level 7 of the Dungeon.
             The game lasted 00:14:18 (5070 turns).

Spaninq the Grappler (Troll Air Elementalist)       Turns: 5070, Time: 00:14:19

Health: -5/93      AC:  6    Str: 21    XL:     9   Next: 38%
Magic:  9/9        EV:  9    Int: 11    God:    Qazlal [***...]
Gold:   144        SH:  4    Dex: 10    Spells: 9/10 levels left

rFire    . . .     SeeInvis .     - Unarmed
rCold    . . .     Faith    .   (no shield)
rNeg     . . .     Spirit   .   a - +0 robe
rPois    .         Reflect  .   (helmet restricted)
rElec    .         Harm     .   o - +1 cloak
rCorr    .         Rampage  .   (gloves unavailable)
Will     .....                  (boots unavailable)
Stlth    +.........             (no amulet)
HPRegen  1.25/turn              (no ring)
MPRegen  0.11/turn              (no ring)

@: hasted, very quick
A: large, unfitting armour, claws 3, regeneration 1, shaggy fur 1, tough skin 1
a: Renounce Religion, Upheaval, Elemental Force


You were on level 7 of the Dungeon.
You worshipped Qazlal.
Qazlal was most pleased with you.
You visited 2 branches of the dungeon, and saw 8 of its levels.
You also visited: Ossuary.

You collected 324 gold pieces.
You spent 180 gold pieces at shops.

Inventory:

Hand Weapons
 h - the +8 spear of the Mosquito {venom, rElec Will+}
   (You found it on level 7 of the Dungeon)

   It poisons the flesh of those it strikes.
   rElec:     It insulates you from electricity.
   Will:      It increases your willpower.
 n - a +5 vorpal mace
Armour
 a - a +0 robe (worn)
 o - a +1 cloak (worn)
 s - a +2 kite shield
Jewellery
 p - an amulet of the acrobat
Wands
 l - a wand of iceblast (17)
Scrolls
 e - 3 scrolls of teleportation
 q - a scroll of magic mapping
Potions
 b - a potion of cancellation {unknown}
 c - 4 potions of magic
 d - 3 potions of haste
 f - a potion of ambrosia {unknown}
 g - 6 potions of heal wounds
 i - 3 potions of curing
 j - a potion of might {unknown}
 k - 2 potions of brilliance
 m - a potion of berserk rage {unknown}
 r - 2 potions of mutation
 t - 2 potions of lignification {unknown}


   Skills:
 + Level 7.3 Fighting
 - Level 1.5 Dodging
 - Level 1.0 Stealth
 + Level 1.3 Shields
 + Level 8.8 Unarmed Combat
 - Level 1.2 Spellcasting
 - Level 0.6 Conjurations
 - Level 2.0 Air Magic
 + Level 1.5 Invocations


You had 9 spell levels left.
You knew the following spells:

 Your Spells              Type           Power      Damage    Failure   Level
b - Apportation           Tloc           0%         N/A       32%         1

Your spell library contained the following spells:

 Spells                   Type           Power      Damage    Failure   Level
 Shock                    Conj/Air       12%        1d3       19%         1
 Static Discharge         Conj/Air       3%         N/A       28%         2
 Animate Skeleton         Necr           0%         N/A       32%         1
 Corona                   Hex            0%         N/A       32%         1
 Pain                     Necr           0%         1d4       32%         1
 Summon Small Mammal      Summ           0%         N/A       32%         1
 Swiftness                Air            5%         N/A       38%         3
 Blink                    Tloc           N/A        N/A       43%         2
 Call Canine Familiar     Summ           0%         N/A       67%         3
 Lesser Beckoning         Tloc           0%         N/A       67%         3
 Portal Projectile        Hex/Tloc       0%         N/A       67%         3
 Vampiric Draining        Necr           0%         2d6       67%         3
 Airstrike                Air            2%         N/A       80%         4
 Leda's Liquefaction      Hex/Erth       0%         N/A       97%         4
 Olgreb's Toxic Radiance  Pois           0%         N/A       97%         4
 Manifold Assault         Tloc           0%         N/A       100%        5
 Ozocubu's Refrigeration  Ice            0%         4d5       100%        7
 Ignition                 Fire           0%         3d3       100%        8


Dungeon Overview and Level Annotations

Branches:
Dungeon (7/15)             Temple (1/1) D:6         Ossuary (visited)

Altars:
Ashenzari
Cheibriados
Dithmenos
Elyvilon
Fedhas
Gozag
Hepliaklqana
Kikubaaqudgha
Makhleb
Okawaru
Qazlal
Trog
Uskayaw
Wu Jian
Xom
Zin
The Shining One

Shops:
D:2 (   D:4 *([   D:5 *   D:7 [:


Innate Abilities, Weirdness & Mutations

You are too large for most types of armour.
You have claws for hands.
Your natural rate of healing is unusually fast.
You are covered in fur. (AC +1)
You have tough skin. (AC +1)


Message History

A nearby plant withers and dies.
The swamp worm bites the plant.
The plant begins to die.
You claw the plant!
The plant begins to die.
The plant is lightly damaged.
The swamp worm bites the plant!
The plant begins to die.
The swamp worm bites the plant!!
The swamp worm bites the plant!
The swamp worm bites the plant!!
A nearby plant withers and dies.
You see here a +0 mace.
The swamp worm bites you!
You barely miss the swamp worm. You claw the swamp worm.
The swamp worm is lightly wounded.
The swamp worm bites you!
The swamp worm fires a harpoon shot at you.
The harpoon shot hits you!!
You are yanked forward by the harpoon shot.
You closely miss the swamp worm. The swamp worm bites you!
You closely miss the swamp worm. You claw the swamp worm!
The swamp worm is moderately wounded.
The swamp worm bites you!
You feel yourself speed up. The swamp worm bites you!!
* * * LOW HITPOINT WARNING * * *
You feel much better.
The swamp worm bites you but does no damage.
You claw the swamp worm!
The swamp worm is severely wounded.
You closely miss the swamp worm.
The swamp worm is severely wounded.
The swamp worm bites you!!
* * * LOW HITPOINT WARNING * * *
You feel much better. The swamp worm bites you!
You mangle the swamp worm!!
You kill the swamp worm!
Qazlal accepts your kill.
The swamp worm fires a harpoon shot at you.
The harpoon shot hits you!
* * * LOW HITPOINT WARNING * * *
You are yanked forward by the harpoon shot.
The swamp worm bites you!!
You die...

#. #....# #.....#
#.#####.
#.##.8#.###.....#
#<# ##
#........########
#.# ##.8<∩.8.#
###..#### #.8#
########
#..####......# .#
#.....#.# .##.#
###
#####.#@####.≈≈≈≈
#.. #.ww)...≈≈≈≈
... ###.##≈≈≈≈##
... #.#≈≈≈###≈##
≈.. #..≈≈P#w≈≈"≈
≈.. ##.≈≈P≈w≈≈≈≈
≈.. #.≈≈w#≈≈≈≈≈
≈.. #.≈≈≈# ≈## ≈#
#..≈≈≈≈


You could see 2 swamp worms.

Vanquished Creatures
  Grinder (D:3)
  2 wraiths (Ossuary)
  Eustachio (D:6)
  A steam dragon (D:6)
  Edmund (D:4)
  A swamp worm (D:7)
  3 orc warriors
  A hornet zombie (D:7)
  An ice beast (D:6)
  A sky beast (D:6)
  A necrophage (D:7)
  A centaur (D:7)
  2 bullfrogs
  A gnoll sergeant (D:6)
  A water moccasin zombie (D:6)
  A wyvern zombie (D:6)
  A scorpion (D:5)
  2 wights (Ossuary)
  A howler monkey (D:4)
  A jelly (D:5)
  7 hounds
  Crazy Yiuf (D:4)
  A centaur skeleton (D:7)
  An iguana (D:5)
  An orc wizard (D:6)
  A scorpion zombie (D:5)
  A killer bee zombie (D:6)
  A hound skeleton (D:4)
  4 gnolls (D:5)
  9 adders
  2 white imps
  An adder skeleton (D:2)
  An adder zombie (Ossuary)
  2 dart slugs (D:1)
  5 orcs
  4 endoplasms
  2 giant cockroaches
  9 goblins
  10 hobgoblins
  3 kobolds
  2 quokkas (D:3)
  7 ball pythons
  A ball python skeleton (Ossuary)
  7 bats
  3 frilled lizards
  2 hobgoblin skeletons (Ossuary)
  2 kobold zombies (Ossuary)
  An orc skeleton (Ossuary)
  An orc zombie (Ossuary)
  3 rats (D:1)
120 creatures vanquished.

Vanquished Creatures (others)
  4 plants (D:7)
4 creatures vanquished.

Grand Total: 124 creatures vanquished

Notes
Turn   | Place    | Note
-------+----------+-------------------------------------------
     0 | D:1      | Spaninq the Troll Air Elementalist began the quest for the
                  | Orb.
     0 | D:1      | Reached XP level 1. HP: 16/16 MP: 1/1
    82 | D:1      | You fall into a shaft and drop 1 floor!
   101 | D:2      | Reached skill level 1 in Unarmed Combat
   110 | D:2      | Reached XP level 2. HP: 25/26 MP: 2/2
   126 | D:2      | Reached skill level 1 in Fighting
   278 | D:1      | Learned a level 1 spell: Apportation
   510 | D:1      | Reached XP level 3. HP: 33/33 MP: 3/3
   522 | D:1      | You fall into a shaft and drop 1 floor!
   680 | D:1      | Reached skill level 2 in Unarmed Combat
   763 | D:2      | Found Licwa's Weapon Shoppe.
   879 | D:2      | Found a faded altar of an unknown god.
   887 | D:2      | Became a worshipper of Qazlal Stormbringer
   887 | D:2      | Reached * piety under Qazlal
  1128 | D:2      | Reached XP level 4. HP: 42/42 MP: 4/4
  1452 | D:3      | Reached skill level 3 in Unarmed Combat
  1488 | D:3      | Reached ** piety under Qazlal
  1570 | D:3      | Found a glowing silver altar of Zin.
  1607 | D:3      | Noticed Grinder
  1613 | D:3      | Paralysed by Grinder for 3 turns
  1643 | D:3      | Killed Grinder
  1644 | D:3      | Reached skill level 4 in Unarmed Combat
  1644 | D:3      | Reached XP level 5. HP: 26/53 MP: 5/5
  1644 | D:3      | Reached XP level 6. HP: 31/61 MP: 6/6
  1883 | D:4      | Found a sand-covered staircase.
  1933 | Ossuary  | Entered an ossuary
  2032 | Ossuary  | Noticed a flying skull
  2032 | Ossuary  | Noticed a wraith
  2039 | Ossuary  | Noticed a flying skull
  2043 | Ossuary  | Noticed a flying skull
  2070 | Ossuary  | Noticed a flying skull
  2077 | Ossuary  | Noticed a flying skull
  2083 | Ossuary  | Reached skill level 5 in Unarmed Combat
  2083 | Ossuary  | Reached XP level 7. HP: 66/70 MP: 7/7
  2109 | Ossuary  | Noticed a wraith
  2117 | Ossuary  | Killed a wraith
  2135 | Ossuary  | Noticed a wraith
  2141 | Ossuary  | Killed a wraith
  2142 | Ossuary  | Reached skill level 5 in Fighting
  2142 | Ossuary  | Reached skill level 6 in Unarmed Combat
  2412 | D:4      | Noticed Edmund
  2450 | D:4      | Killed Edmund
  2653 | D:4      | Found Ricaiss's General Store.
  2655 | D:4      | Found Ewkoorud's General Store.
  2656 | D:4      | Found Poiffux's Antique Armour Boutique.
  2658 | D:4      | Found Qiba's Weapon Boutique.
  2680 | D:4      | Bought 2 potions of heal wounds for 100 gold pieces
  2748 | D:4      | Found a runed translucent door.
  2749 | D:4      | Noticed Crazy Yiuf
  2761 | D:4      | Killed Crazy Yiuf
  2762 | D:4      | Reached XP level 8. HP: 59/80 MP: 8/8
  2988 | D:5      | Entered Level 5 of the Dungeon
  3064 | D:5      | Found a hazy altar of Hepliaklqana.
  3239 | D:5      | Found Fovera Cybb's Gadget Gallery.
  3494 | D:4      | Bought a potion of mutation for 80 gold pieces
  4048 | D:6      | Reached skill level 7 in Unarmed Combat
  4212 | D:6      | Reached skill level 8 in Unarmed Combat
  4253 | D:6      | Found an iron altar of Okawaru.
  4331 | D:6      | Reached *** piety under Qazlal
  4332 | D:6      | Found a staircase to the Ecumenical Temple.
  4339 | Temple   | Entered the Ecumenical Temple
  4459 | D:6      | Noticed Eustachio
  4479 | D:5      | Reached XP level 9. HP: 85/92 MP: 9/9
  4486 | D:6      | Killed Eustachio
  4760 | D:6      | Found a stormy altar of Qazlal.
  4877 | D:7      | Found Zaqarph's Book Shoppe.
  4903 | D:7      | Reached skill level 1 in Invocations
  4961 | D:7      | Reached skill level 1 in Shields
  5003 | D:7      | Identified the +8 spear of the Mosquito {venom, rElec
                  | Will+}
  5025 | D:7      | Found Feibril's Antique Armour Shop.
  5070 | D:7      | Slain by a swamp worm

Illustrated notes

Levels and vault maps discovered:
D:1:      mrwooster_arrival_statue, layout_basic
D:2:      layout_loops_cross, ebering_ecumenical_altar_abandoned, serial_shops,
          nicolae_shop_behind_doors
D:3:      kennysheep_the_goblin_king, layout_rooms, zin_statuary, uniq_grinder
D:4:      layout_loops_corners, nicolae_ossuary_entry_false_entrances,
          minmay_shop_grid_forest, uniq_crazy_yiuf_cottage, uniq_edmund
D:5:      layout_basic, mainiacjoe_overflow_concentric_impassable,
          minmay_misc_feat_iff, nicolae_shop_gadgets
D:6:      layout_rooms, mainiacjoe_overflow_24_doors, okawaru_ov_weapons_minmay,
          minmay_temple_entry_metal_lava, supply_closet_lemuel, sword_in_stone
D:7:      layout_loops_cross, serial_shops, nicolae_shop_statue_plus, shop,
          nicolae_stop_n_shop_2, worms_lemuel
Temple:   dshaligram_water_room_temple

Skill      XL: |  1  2  3  4  5  6  7  8  9 |
---------------+----------------------------+-----
Unarmed Combat | 1 2 4 5 6 8 |  8.8
Fighting       | 1 2 3 4 5 6 7 |  7.3
Invocations    | 1 |  1.5
Shields        | 1 |  1.3
Dodging        | |  1.5
Stealth        | |  1.0
Spellcasting   | |  1.2
Conjurations   | |  0.6
Air Magic      | |  2.0

Action                   |  1- 3 |  4- 6 |  7- 9 || total
-------------------------+-------+-------+-------++-------
Melee: Unarmed           |    89 |   109 |   231 ||   429
       Punch             |       |       |    10 ||    10
 Cast: Shock             |     1 |       |       ||     1
  Use: Scroll            |       |     5 |    10 ||    15
       Potion            |       |       |     3 ||     3
 Stab: Sleeping          |     3 |       |       ||     3
Armor: Robe              |    29 |    23 |    39 ||    91
Dodge: Dodged            |    43 |    46 |    79 ||   168
Block: Other             |       |    10 |    17 ||    27
